 Dungeon Crawl Stone Soup version 0.23.2-1-ga50397a6bc (webtiles) character file.

Game seed: 16682692153270527170

30 MachJacob the Ducker (level 3, 0/17 HPs)
             Began as a Felid Berserker on May 17, 2019.
             Was a Follower of Trog.
             Slain by a bat (1 damage)
             ... on level 2 of the Dungeon.
             The game lasted 00:06:20 (1076 turns).

MachJacob the Ducker (Felid Berserker)              Turns: 1076, Time: 00:06:20

Health: 0/17       AC:  1    Str: 13    XL:     3   Next: 3%
Magic:  4/4        EV: 19    Int:  8    God:    Trog [*.....]
Gold:   22         SH:  0    Dex: 16    Spells: 2/2 levels left
                                        Lives:  0   Deaths: 0

rFire    . . .     SeeInvis +     - Unarmed
rCold    . . .     Gourm    .   (shield unavailable)
rNeg     . . .     Faith    .   (armour unavailable)
rPois    .         Spirit   .   (helmet unavailable)
rElec    .         Reflect  .   (cloak unavailable)
rCorr    .         Harm     .   (gloves unavailable)
MR       .....                  (boots unavailable)
Stlth    ++........             (no amulet)
HPRegen  0.05/turn              (no ring)
MPRegen  0.09/turn              (no ring)

@: hasted, very quick
A: very small, no armour, no weapons or thrown items, stealth, claws 1, fangs 3,
see invisible, carnivore, speed 1, shaggy fur 1, slow metabolism 1, sharp paws
a: Berserk, Renounce Religion


You were on level 2 of the Dungeon.
You worshipped Trog.
Trog was aware of your devotion.
You were very full.

You visited 1 branch of the dungeon, and saw 2 of its levels.

You collected 22 gold pieces.

Inventory:

Potions
 b - a potion of might {unknown}
 c - a potion of curing {unknown}
 d - a potion of haste
 g - a potion of degeneration {unknown}
Comestibles
 a - 2 rations
 h - a chunk of flesh


   Skills:
 + Level 3.2 Fighting
 + Level 4.3 Dodging
 + Level 1.7 Stealth
 * Level 3.5 Unarmed Combat


You had 2 spell levels left.
You didn't know any spells.
Your spell library was empty.

Dungeon Overview and Level Annotations

Branches:
Dungeon (1/15)

Altars:

Annotations:
D:2 Terence


Innate Abilities, Weirdness & Mutations

You cannot wear armour.
You are incapable of wielding weapons or throwing items.
Your paws allow you to move quietly. (Stealth)
You have sharp claws.
You have razor-sharp teeth.
You have supernaturally acute eyesight. (SInv)
You are carnivorous and can eat meat at any time.
You cover ground quickly.
You are covered in fur. (AC +1)
You have a slow metabolism.
Your sharp claws are effective at attacking unaware monsters.


Message History

The kobold is moderately wounded.
The bat misses you. The jackal misses you. The kobold closely misses you.
You closely miss the kobold.
The kobold is moderately wounded.
The bat closely misses you. The jackal misses you. The bat misses you.
The jackal bites you.
* * * LOW HITPOINT WARNING * * *
Terence misses you.
You claw the kobold!
You kill the kobold!
Trog accepts your kill. The jackal barely misses you. The bat misses you.
The jackal closely misses you. The bat hits you.
* * * LOW HITPOINT WARNING * * *
Terence closely misses you.
Things that are here:
a stone; a kobold corpse The bat hits you.
You die...

*,,,,,***+**
############
****,,,,,,,,
#....(.....#
**,,,,,,,
#....$.....#
*******,
#.....Swh..# *,
#.....[h...# *,
#######h@### ***,
##b.### *,,,
##@..# *,**
###.### *,**
#...# *,*, ###.##
*,*, #..# *,*,
##.## ***#,*,
####.S####,..,*,
##........#.#***,
##...?h......##
*,


You could see Terence, a dart slug, 3 jackals, a bat and a ball python.

Vanquished Creatures
  A dart slug (D:1)
  2 ball pythons (D:1)
  3 bats (D:1)
  A giant cockroach (D:2)
  2 goblins (D:1)
  2 hobgoblins (D:1)
  3 jackals
  3 frilled lizards (D:1)
  7 kobolds
  4 rats
28 creatures vanquished.

Notes
Turn   | Place    | Note
-------+----------+-------------------------------------------
     0 | D:1      | MachJacob the Felid Berserker began the quest for the Orb.
     0 | D:1      | Reached XP level 1. HP: 10/10 MP: 2/2
   478 | D:1      | Reached skill level 1 in Stealth
   478 | D:1      | Reached XP level 2. HP: 11/14 MP: 3/3
  1030 | D:1      | You fall through a shaft!
  1031 | D:2      | Noticed Terence
  1062 | D:2      | Reached XP level 3. HP: 13/17 MP: 4/4
  1076 | D:2      | Slain by a bat

Skill      XL: |  1 |
---------------+----+-----
Stealth        | 1 |  1.7
Fighting       | |  3.2
Dodging        | |  4.3
Unarmed Combat | |  3.5

Action                   || total
-------------------------++-------
Melee: Unarmed           ||    71
       Bite              ||     4
       Punch             ||     1
Invok: Berserk           ||     1
  Use: Scroll            ||     3
       Potion            ||     1
 Stab: Sleeping          ||     3
  Eat: Chunk             ||     8
Armor: Skin              ||     8
Dodge: Dodged            ||   120
